 Dungeon Crawl Stone Soup version 0.31-a0-1074-g0b22e4e0f1 (webtiles) character file.

Game seed: 4480399290084017641

7 monsoonserge the Charlatan (level 2, -1/18 HPs)
             Began as an Octopode Artificer on Dec 6, 2023.
             Slain by a goblin
             ... wielding a +0 club
              (4 damage)
             ... on level 1 of the Dungeon.
             The game lasted 00:00:43 (168 turns).

monsoonserge the Charlatan (Octopode Artificer)      Turns: 168, Time: 00:00:44

Health: -1/18      AC:  1    Str: 11    XL:     2   Next: 0%
Magic:  2/2        EV: 13    Int: 13    God:
Gold:   16         SH:  0    Dex: 12    Spells: 1/1 levels left

rFire   . . .        f - +0 dagger
rCold   . . .        (no shield)
rNeg    . . .        (helmet restricted)
rPois   .            (no amulet)
rElec   .            (no ring)
rCorr   .            (no ring)
SInv    .            (no ring)
Will    .....        (no ring)
Stlth   +++          (no ring)
HPRegen 0.23/turn    (no ring)
MPRegen 0.08/turn    (no ring)
                     (no ring)

%: no passive effects
@: no status effects
A: almost no armour, amphibious, 8 rings, camouflage 1, gelatinous body 1,
(nimble swimmer 1), tentacles
a: no special abilities


You were on level 1 of the Dungeon.
You visited 1 branch of the dungeon, and saw 1 of its levels.

You collected 16 gold pieces.

Inventory:

Hand Weapons
 f - a +0 dagger (weapon)
Wands
 b - a wand of flame (15) (quivered)
 c - a wand of charming (15)
 d - a wand of iceblast (5)
Scrolls
 e - a scroll of teleportation {unknown}


   Skills:
 - Level 1.0 Fighting
 + Level 2.5 Dodging
 + Level 1.4 Stealth
 * Level 0.3 Unarmed Combat
 + Level 3.5 Evocations


You had one spell level left.
You didn't know any spells.
Your spell library was empty.

Dungeon Overview and Level Annotations

Branches:
Dungeon (1/15)

Altars:


Innate Abilities, Weirdness & Mutations

You cannot wear most types of armour.
You are amphibious.
You can wear up to eight rings at the same time.
Your skin changes colour to match your surroundings (Stealth+).
Your rubbery body absorbs attacks. (AC +1, EV +1)
((You are camouflaged when in or above water. (Stealth+)))
You have tentacles for arms and can constrict up to eight enemies at once.


Message History

The hobgoblin shouts!
The goblin shouts!
A kobold comes into view. It is wielding a +0 dagger.
You hear a shout!
The kobold shouts!
A hobgoblin comes into view.
Found 6 poisoned darts.
The hobgoblin shouts!
The goblin completely misses you. The bat closely misses you.
A dart slug comes into view.
You hit the goblin but do no damage. Your grab misses the goblin.
Your tentacle-slap misses the goblin.
The bat barely misses you. The goblin hits you with a +0 club.
The dart slug launches a dart at you. The slug dart misses you.
The bat closely misses you. The goblin attacks as it pursues you!
The goblin hits you with a +0 club.
The hobgoblin attacks as it pursues you!
The hobgoblin hits you. The bat hits you.
* * * LOW HITPOINT WARNING * * *
The bat attacks as it pursues you! The bat misses you.
The bat barely misses you.
The hobgoblin attacks as it pursues you!
The hobgoblin barely misses you.
A bat comes into view.
The bat hits you but does no damage. The bat closely misses you.
You closely miss the bat. Your grab misses the bat. You squeeze the bat.
The bat is severely wounded.
The bat hits you.
* * * LOW HITPOINT WARNING * * *
The bat barely misses you. The bat hits you but does no damage.
The bat closely misses you.
Unknown command.
You barely miss the bat. You grab the bat. You squeeze the bat.
You kill the bat!
The bat closely misses you. The bat hits you.
* * * LOW HITPOINT WARNING * * *
You have reached level 2!
You closely miss the goblin. You grab the goblin. You constrict the goblin.
The bat hits you but does no damage. The bat misses you.
The goblin hits you with a +0 club.
You die...

### #######
.....######....†##
......b@gg.......##
.....####K........# ...
#.........###### # #.
#g..............
##...###.K.......######
.................#
.................#
..!................
...^.............#.


You could see a hobgoblin, a goblin, a bat and a kobold.

Vanquished Creatures
  A giant cockroach (D:1)
  A goblin (D:1)
  A hobgoblin (D:1)
  2 bats (D:1)
  A frilled lizard (D:1)
  A rat (D:1)
7 creatures vanquished.

Notes
Turn   | Place    | Note
-------+----------+-------------------------------------------
     0 | D:1      | monsoonserge the Octopode Artificer began the quest for the
                  | Orb.
     0 | D:1      | Reached XP level 1. HP: 13/13 MP: 1/1
   168 | D:1      | Reached XP level 2. HP: 3/18 MP: 2/2
   168 | D:1      | Slain by a goblin

Illustrated notes

Levels and vault maps discovered:
D:1:      onia_arrival_mini_maze_b, layout_rooms,
          hellmonk_ecumenical_altar_defaced_shrine, serial_shops,
          nicolae_shop_waterfront, minmay_heptomino_h4

Action                     || total
---------------------------++-------
  Melee: Club              ||    10
         Dagger            ||     6
         Constrict         ||     6
         Tentacles         ||     4
   Stab: Sleeping          ||     3
 Armour: Skin              ||    14
  Dodge: Dodged            ||    21

Table legend: (Time is in decaauts)
 A = Elapsed time spent in this place.
 B = Non-inter-level travel time spent in this place.
 C = Inter-level travel time spent in this place.
 D = Time resting spent in this place.
 E = Time spent auto-exploring this place.
 F = Levels seen in this place.
 G = Mean time per level.
                   A        B        C        D        E       F      G
               +--------+--------+--------+--------+--------+-----+--------+
         Total |    169 |    169 |      0 |      0 |     92 |   1 |  169.0 |
       Dungeon |    169 |    169 |      0 |      0 |     92 |   1 |  169.0 |
               +--------+--------+--------+--------+--------+-----+--------+

Top non-repeatable levels by time:
     D:1: 169 daAuts
